 Dungeon Crawl Stone Soup version 0.23-a0-577-g2b1de94 (webtiles) character file.

373 StanTheMan the Chopper (level 6, 0/56 HPs)
             Began as a Draconian Berserker on Dec 15, 2018.
             Was a Believer of Trog.
             Killed by divine providence
             ... invoked by an orc priest
              (9 damage)
             ... on level 3 of the Dungeon.
             The game lasted 00:29:45 (3325 turns).

StanTheMan the Chopper (Draconian Berserker)        Turns: 3325, Time: 00:29:46

Health: 0/56       AC:  7    Str: 21 (22) XL:     6   Next: 43%
Magic:  6/6        EV: 17    Int:  7      God:    Trog [**....]
Gold:   113        SH:  0    Dex: 10      Spells: 5/5 levels left

rFire    . . .     SeeInvis .   i - +0 war axe
rCold    . . .     Gourm    .   (no shield)
rNeg     . . .     Faith    .   (armour unavailable)
rPois    .         Spirit   .   (helmet restricted)
rElec    .         Reflect  .   f - +0 cloak
rCorr    .         Harm     .   (no gloves)
MR       .....                  (no boots)
Stlth    +.........             (no amulet)
HPRegen  0.18/turn              g - +4 ring of evasion
MPRegen  0.10/turn              (no ring)

@: berserk cooldown, very slightly contaminated, slowed, very slow
A: unfitting armour, cold-blooded, AC +6
a: Berserk, Trog's Hand, Renounce Religion


You were on level 3 of the Dungeon.
You worshipped Trog.
Trog was pleased with you.
You were not hungry.

You visited 1 branch of the dungeon, and saw 3 of its levels.

You collected 113 gold pieces.

Inventory:

Hand Weapons
 a - a +1 hand axe
 i - a +0 war axe (weapon)
Armour
 f - a +0 cloak (worn)
Jewellery
 g - a +4 ring of evasion (left hand)
Scrolls
 c - 2 scrolls of remove curse
 e - 3 scrolls of identify
Potions
 j - 2 potions of flight {unknown}
Comestibles
 b - 3 rations
 h - 11 chunks of flesh


   Skills:
 + Level 5.0 Fighting
 * Level 5.2 Axes
 + Level 4.2 Dodging


You had 5 spell levels left.
You didn't know any spells.
Your spell library was empty.

Dungeon Overview and Level Annotations

Branches:
Dungeon (3/15)

Altars:
Nemelex Xobeh


Innate Abilities, Weirdness & Mutations

Your plain brown scales are hard. (AC +6)
You cannot fit into any form of body armour.
You are cold-blooded and may be slowed by cold attacks.


Message History

The orc priest is severely wounded.
The orc priest misses you.
The orc wizard mumbles some strange words.
The orc wizard flickers and vanishes!
Deactivating autopickup; reactivate with Ctrl-A.
The orc priest barely misses you.
You barely miss the orc priest.
The orc priest is severely wounded.
You feel sick.
You are no longer poisoned.
The orc priest mumbles some strange prayers to Beogh against you.
Pain shoots through your body!
* * * LOW HITPOINT WARNING * * *
Blink to where?
Press: ? - help, Dir - move target cursor You are very lightly contaminated with residual magic.
As you read the scroll of blinking, it crumbles to dust.
The orc priest mumbles some strange prayers to Beogh against you.
Beogh smites you!
You die...

#.. ########### ..? #.........#
... #.........# ... ##
#############.........# ... #.
.....................)####o..
#.##########.##.........)†.§.{..
#..# ##............o.†#####..
###.######..#.##@....o....###
##.
#......))..##..#.###(.>.......
#......######......(((########
#.....## #.....###..# #......#
##.#.....#..#
###.##.####..##..#.#..### ##
#.##...##.####.#.#..>.# ###...
#.####.##.# #.#....#.##....#
#..# #..#.# #.###..#....#


You could see an orc priest and an orc.

Vanquished Creatures
  An orc warrior (D:3)
  2 orc priests
  3 orc wizards
  3 adders
  2 oozes (D:2)
  2 worms
  2 dart slugs (D:2)
  4 leopard geckos
  13 orcs
  2 ball pythons (D:1)
  8 bats
  2 giant cockroaches (D:3)
  9 goblins
  6 hobgoblins
  3 jackals (D:1)
  A quokka (D:2)
  9 frilled lizards
  12 kobolds
  3 rats
87 creatures vanquished.

Notes
Turn   | Place    | Note
-------+----------+-------------------------------------------
     0 | D:1      | StanTheMan the Draconian Berserker began the quest for the
                  | Orb.
     0 | D:1      | Reached XP level 1. HP: 19/19 MP: 1/1
   436 | D:1      | Reached XP level 2. HP: 21/26 MP: 2/2
  1553 | D:1      | Reached XP level 3. HP: 32/33 MP: 3/3
  1707 | D:2      | Reached XP level 4. HP: 40/40 MP: 4/4
  1760 | D:2      | Reached ** piety under Trog
  2038 | D:2      | You fall through a shaft!
  2039 | D:3      | Noticed an orc warrior
  2234 | D:2      | Found a sparkling altar of Nemelex Xobeh.
  2326 | D:2      | Reached XP level 5. HP: 40/47 MP: 5/5
  3297 | D:3      | Killed an orc warrior
  3297 | D:3      | Reached skill level 5 in Fighting
  3297 | D:3      | Reached skill level 5 in Axes
  3297 | D:3      | Reached XP level 6. HP: 49/56 MP: 6/6
  3325 | D:3      | Killed from afar by an orc priest

Vault maps used:
D:1:      lightli_arrival_statue_moat
D:2:      first_ration, nemelex_dance_club_becter
D:3:      minmay_wonky_spiral, wad_rectangle_vault

Skill      XL: |  1  2  3  4  5 |
---------------+----------------+-----
Dodging        | 3 4 |  4.2
Fighting       | 4 5 |  5.0
Axes           | 4 5 |  5.2

Action                   |  1- 3 |  4- 6 || total
-------------------------+-------+-------++-------
Melee: Hand axe          |    80 |    96 ||   176
       Tailslap          |     8 |    18 ||    26
       War axe           |       |    46 ||    46
Invok: Berserk           |     2 |     2 ||     4
       Trog's Hand       |       |     1 ||     1
  Use: Scroll            |     3 |     5 ||     8
       Potion            |     3 |     2 ||     5
  Eat: Chunk             |     1 |     8 ||     9
       Ration            |     1 |     1 ||     2
Armor: Skin              |    32 |    33 ||    65
Dodge: Dodged            |    74 |    99 ||   173

Table legend:
 A = Non-vault XP
 B = Vault XP
 C = Vault XP percentage of total XP
 D = Non-vault monster count
 E = Vault monster count
 F = Vault count percentage of total count
                 A         B        C        D         E       F
            +---------+---------+-------+---------+---------+-------
      Total |     520 |      14 |   2.6 |      83 |       4 |   4.6
            +---------+---------+-------+---------+---------+-------
        D:1 |      44 |       0 |   0.0 |      26 |       0 |   0.0
        D:2 |     163 |      10 |   5.8 |      28 |       2 |   6.7
        D:3 |     313 |       4 |   1.3 |      29 |       2 |   6.5
            +---------+---------+-------+---------+---------+-------
